 Dungeon Crawl Stone Soup version 0.29.1-2-gbd0b4ee654 (webtiles) character file.

Game seed: 11734998419254325949

46 zeram the Covered (level 3, -1/33 HPs)
             Began as a Minotaur Fighter on Nov 4, 2022.
             Slain by Robin
             ... wielding a +0 spear
              (5 damage)
             ... on level 2 of the Dungeon.
             The game lasted 00:02:34 (1122 turns).

zeram the Covered (Minotaur Fighter)                Turns: 1122, Time: 00:02:34

Health: -1/33      AC:  7    Str: 22    XL:     3   Next: 46%
Magic:  2/2        EV:  9    Int:  5    God:
Gold:   114        SH:  4    Dex:  9    Spells: 2/2 levels left

rFire   . . .      SeeInvis .   g - +2 short sword (venom)
rCold   . . .      Faith    .   c - +0 buckler
rNeg    . . .      Spirit   .   b - +0 scale mail
rPois   .          Reflect  .   (helmet restricted)
rElec   .          Harm     .   (no cloak)
rCorr   .          Rampage  .   (no gloves)
Will    .....                   (no boots)
Stlth   ..........              (no amulet)
HPRegen 0.11/turn               (no ring)
MPRegen 0.08/turn               (no ring)

@: no status effects
A: horns 2, retaliatory headbutt
a: no special abilities


You were on level 2 of the Dungeon.
You visited 1 branch of the dungeon, and saw 2 of its levels.

You collected 114 gold pieces.

Inventory:

Hand Weapons
 a - a +0 war axe
 g - a +2 short sword of venom (weapon)
Armour
 b - a +0 scale mail (worn)
 c - a +0 buckler (worn)
Jewellery
 h - a ring of see invisible
Scrolls
 e - a scroll of summoning {unknown}
 f - 2 scrolls of identify {unknown}
 k - a scroll of teleportation {unknown}
 l - a scroll of brand weapon {unknown}
 m - a scroll of poison {unknown}
Potions
 d - 2 potions of might
 i - a potion of heal wounds {unknown}
 j - a potion of brilliance {unknown}


   Skills:
 + Level 4.1 Fighting
 + Level 0.3 Short Blades
 + Level 3.2 Axes
 + Level 4.2 Armour
 + Level 4.0 Shields


You had 2 spell levels left.
You didn't know any spells.
Your spell library was empty.

Dungeon Overview and Level Annotations

Branches:
Dungeon (2/15)

Altars:

Annotations:
D:2 Robin


Innate Abilities, Weirdness & Mutations

You have a pair of horns on your head.
You reflexively headbutt those who attack you in melee.


Message History

You are too injured to fight recklessly!
Unknown command.
You are too injured to fight recklessly!
Unknown command.
You are too injured to fight recklessly!
You hit the hobgoblin.
The hobgoblin is poisoned.
Your headbutt misses the hobgoblin.
The hobgoblin is severely wounded.
You kill the hobgoblin!
Robin roars a battlecry!
The goblin goes into a battle-frenzy!
The hobgoblin hits you. Robin hits you with a +0 spear. The hobgoblin hits you.
* * * LOW HITPOINT WARNING * * *
Things that are here:
a +0 dagger; a goblin corpse Robin attacks as you move away!
Robin closely misses you.
Robin hits you from afar with a +0 spear.
* * * LOW HITPOINT WARNING * * *
You block the goblin's attack. The hobgoblin closely misses you.
The hobgoblin attacks as you move away!
The hobgoblin hits you but does no damage.
Robin says, "Duck!"
You kill the hobgoblin!
You open the door.
A ball python comes into view.
You block the goblin's attack.
Robin hits you from afar with a +0 spear.
* * * LOW HITPOINT WARNING * * *
Found 5 gold pieces.
You hit the goblin.
You kill the goblin!
Robin hits you but does no damage.
Unknown command.
Robin closely misses you.
You see here a +0 dagger.
You hit Robin.
Robin is poisoned.
Your headbutt misses Robin.
Robin is lightly wounded.
Robin hits you with a +0 spear.
You die...

#.###)......#
#.# #....<..#
#.# #.......# #
#.# #######.....
#.### ##...#
#...## .....
###..## ......
##...####....^..
#))).g@.S......
##...####..$...
#..## .....
..... ....
#.##.### ... #
#.# +# #.# #.


You could see Robin (very poisoned) and a ball python.

Vanquished Creatures
  7 bats (D:1)
  2 endoplasms (D:1)
  2 giant cockroaches
  9 goblins
  4 hobgoblins
  5 jackals (D:1)
  3 ball pythons (D:1)
  A frilled lizard (D:1)
  5 kobolds
  A rat (D:1)
39 creatures vanquished.

Notes
Turn   | Place    | Note
-------+----------+-------------------------------------------
     0 | D:1      | zeram the Minotaur Fighter began the quest for the Orb.
     0 | D:1      | Reached XP level 1. HP: 19/19 MP: 0/0
   181 | D:1      | Reached XP level 2. HP: 20/27 MP: 1/1
   551 | D:1      | Found a faded altar of an unknown god.
   633 | D:1      | Reached XP level 3. HP: 33/33 MP: 2/2
  1106 | D:2      | Noticed Robin
  1122 | D:2      | Slain by Robin

Illustrated notes

Levels and vault maps discovered:
D:1:      wheals_arrival_linesprint, layout_rooms,
          shapermc_ecumenical_altar_totnotflames, minmay_domino_2
D:2:      layout_loops_corners, serial_shops, shop_statue, uniq_robin

Skill      XL: |  1  2  3 |
---------------+----------+-----
Fighting       | 4 |  4.1
Armour         | 4 |  4.2
Axes           | 3 |  3.2
Shields        | 4 |  4.0
Short Blades   | |  0.3

Action                   || total
-------------------------++-------
Melee: War axe           ||    24
       Short sword       ||    38
       Headbutt          ||     6
Armor: Scale mail        ||    25
Dodge: Dodged            ||    44
Block: Buckler           ||    21
